 Dungeon Crawl Stone Soup version 0.20.1-1-g8b1a95d (webtiles) character file.

64 frieddan the Skirmisher (level 4, 0/40 HPs)
             Began as a Hill Orc Fighter on Nov 1, 2017.
             Slain by a gnoll
             ... wielding a +0 flail
              (6 damage)
             ... on level 2 of the Dungeon.
             The game lasted 00:06:53 (1010 turns).

frieddan the Skirmisher (Hill Orc Fighter)          Turns: 1010, Time: 00:06:53

Health: 0/40       AC: 10    Str: 19    XL:     4   Next: 12%
Magic:  4/4        EV:  5    Int:  8    God:
Gold:   116        SH:  9    Dex: 10    Spells: 3/3 levels left

rFire    . . .     SeeInvis .   a - +0 war axe
rCold    . . .     Gourm    .   c - +0 shield
rNeg     . . .     Faith    .   i - +0 chain mail
rPois    .         Spirit   .   (no helmet)
rElec    .         Reflect  .   (no cloak)
rCorr    .         Harm     .   (no gloves)
MR       .....                  q - +0 pair of boots
Stlth    ..........             (no amulet)
Regen    0.2/turn               (no ring)
MPRegen  0.1/turn               (no ring)

@: no status effects
A: no striking features
a: no special abilities


You were on level 2 of the Dungeon.
You were not hungry.

You visited 1 branch of the dungeon, and saw 2 of its levels.

You collected 116 gold pieces.

Inventory:

Hand Weapons
 a - a +0 war axe (weapon)
 e - a +0 dagger
 j - a +0 club
 k - a +0 hand axe
 l - a +0 hunting sling
 r - a +2 dagger of venom
 s - a +0 short sword
 t - a +0 club
 y - a +0 dagger
 C - a +1 dagger of protection
Missiles
 p - 29 arrows
 x - 13 bolts
Armour
 b - a +0 scale mail
 c - a +0 shield (worn)
 i - a +0 chain mail (worn)
 q - a +0 pair of boots (worn)
 D - a +0 animal skin
 E - a +0 helmet
Jewellery
 o - a cursed -2 ring of dexterity {unknown}
Scrolls
 g - a scroll of remove curse {unknown}
 h - a scroll of magic mapping {unknown}
 m - a scroll of amnesia {unknown}
 z - a scroll of teleportation {unknown}
 A - 2 scrolls of identify {unknown}
Potions
 d - a potion of might
 u - a potion of brilliance {unknown}
 v - 2 potions of heal wounds {unknown}
 B - a potion of haste {unknown}
Comestibles
 f - 2 bread rations
 n - a meat ration
 w - a royal jelly
 F - 3 chunks of flesh


   Skills:
 + Level 4.1 Fighting
 + Level 3.6 Axes
 + Level 3.8 Armour
 + Level 0.1 Dodging
 + Level 4.1 Shields


You had 3 spell levels left.
You didn't know any spells.

Dungeon Overview and Level Annotations

Branches:
Dungeon (2/15)

Altars:

Annotations:
D:2 Sigmund


Message History

The gnoll shouts!
You block the gnoll's attack. Something hits you but does no damage.
You block the gnoll's attack. Something hits you!
A gnoll comes into view. It is wielding a spear.
The gnoll shouts!
Things that are here:
a club; a hobgoblin corpse The gnoll hits you but does no damage.
You closely miss the gnoll. You block the gnoll's attack.
The gnoll hits you with a flail!
* * * LOW HITPOINT WARNING * * *
The gnoll hits you but does no damage. The gnoll barely misses you.
You slash the gnoll!
The gnoll is severely wounded.
The gnoll completely misses you. You block the gnoll's attack.
You barely miss the gnoll.
The gnoll is severely wounded.
The gnoll barely misses you. The gnoll hits you with a flail.
You die...

#####
.....#############
#......{....gggg.#
#.##.###########@#
#. #.# .. #.# ...
#.# .... #.# ###.#
#.# .. #.### #...#
#.#.#


You could see 4 gnolls.

Vanquished Creatures
  Robin (D:2)
  A dart slug (D:1)
  2 leopard geckos
  A ball python (D:2)
  A giant cockroach (D:2)
  15 goblins
  3 hobgoblins (D:2)
  A quokka (D:2)
  9 bats
  3 frilled lizards
  5 kobolds
  4 rats
46 creatures vanquished.

Notes
Turn   | Place    | Note
-------+----------+-------------------------------------------
     0 | D:1      | frieddan the Hill Orc Fighter began the quest for the Orb.
     0 | D:1      | Reached XP level 1. HP: 19/19 MP: 1/1
   150 | D:1      | Reached XP level 2. HP: 26/26 MP: 2/2
   605 | D:2      | Reached XP level 3. HP: 28/33 MP: 3/3
   827 | D:2      | Noticed Robin
   855 | D:2      | Killed Robin
   855 | D:2      | Reached XP level 4. HP: 15/40 MP: 4/4
   989 | D:2      | Noticed Sigmund
  1010 | D:2      | Slain by a gnoll

Skill      XL: |  1  2  3 |
---------------+----------+-----
Axes           | 3 |  3.6
Fighting       | 4 |  4.1
Shields        | 4 |  4.1
Armour         | |  3.8
Dodging        | |  0.1

Action                   |  1- 3 |  4- 6 || total
-------------------------+-------+-------++-------
Melee: War axe           |   138 |    10 ||   148
  Use: Potion            |     1 |       ||     1
  Eat: Chunk             |       |     1 ||     1
Armor: Chain mail        |   126 |     4 ||   130
       Scale mail        |     6 |       ||     6
Dodge: Dodged            |    43 |     7 ||    50
Block: Shield            |    99 |     5 ||   104
